 Dungeon Crawl Stone Soup version 0.29-a0-819-g94b489e0ae (console) character file.

Game seed: 2911532679621476676

75 om the Firebug (level 4, 0/34 HPs)
             Began as a Hill Orc Fire Elementalist on July 6, 2022.
             Succumbed to an adder's poison
             ... on level 3 of the Dungeon.
             The game lasted 00:05:48 (3874 turns).

om the Firebug (Hill Orc Fire Elementalist)         Turns: 3874, Time: 00:05:49

Health: 0/34       AC:  2    Str: 10    XL:     4   Next: 31%
Magic:  5/7        EV: 12    Int: 15    God:
Gold:   154        SH:  0    Dex: 13    Spells: 4/7 levels left

rFire   . . .      SeeInvis .   g - +0 short sword
rCold   . . .      Faith    .   (no shield)
rNeg    . . .      Spirit   .   a - +0 robe
rPois   .          Reflect  .   (no helmet)
rElec   .          Harm     .   (no cloak)
rCorr   +          Rampage  .   (no gloves)
Will    .....      Rnd*Tele +   (no boots)
Stlth   ++........              (no amulet)
HPRegen 0.11/turn               f - ring of resist corrosion
MPRegen 0.10/turn               (no ring)

@: lethally poisoned (0 -> -5)
A: teleportitis 1
a: no special abilities


You were on level 3 of the Dungeon.
You visited 1 branch of the dungeon, and saw 3 of its levels.

You collected 154 gold pieces.

Inventory:

Hand Weapons
 g - a +0 short sword (weapon)
Armour
 a - a +0 robe (worn)
Jewellery
 f - a ring of resist corrosion (left hand)
Wands
 n - a wand of flame (14)
Scrolls
 d - 2 scrolls of amnesia
 e - 2 scrolls of torment {unknown}
 i - a scroll of immolation {unknown}
 j - a scroll of fear
 k - a scroll of teleportation {unknown}
Potions
 c - a potion of heal wounds {unknown}
 h - 2 potions of mutation
 l - a potion of degeneration {unknown}
 m - 4 potions of curing {unknown}


   Skills:
 + Level 0.6 Fighting
 + Level 1.1 Short Blades
 - Level 2.0 Dodging
 + Level 1.8 Stealth
 - Level 2.0 Spellcasting
 - Level 2.0 Conjurations
 - Level 4.0 Fire Magic


You had 4 spell levels left.
You knew the following spells:

 Your Spells              Type           Power      Damage    Failure   Level
a - Foxfire               Conj/Fire      40%        2x1d6     6%          1
b - Scorch                Fire           26%        2d6       6%          2

Your spell library contained the following spells:

 Spells                   Type           Power      Damage    Failure   Level
 Conjure Flame            Conj/Fire      10%        6-21      19%         3
 Inner Flame              Hex/Fire       7%         N/A       28%         3
 Sublimation of Blood     Necr           1%         N/A       32%         2
 Wereblood                Tmut           1%         N/A       32%         2
 Flame Wave               Conj/Fire      10%        2d5       54%         4
 Summon Hydra             Summ           0%         N/A       100%        7


Dungeon Overview and Level Annotations

Branches:
Dungeon (3/15)

Altars:
Ru

Shops:
D:3 :

Annotations:
D:1 2 transporters


Innate Abilities, Weirdness & Mutations

You are occasionally teleported next to monsters.


Message History

You are poisoned.
The adder poisons you!
You feel sick. The adder completely misses you.
You conjure some foxfire!
You feel sick. The adder misses you.
You hit the hobgoblin but do no damage.
You feel sick. The adder bites you.
You barely miss the adder.
You feel sick. The adder closely misses you. The hobgoblin misses you.
The adder closely misses you.
You closely miss the adder.
You feel sick. The adder bites you. The hobgoblin hits you.
You barely miss the adder.
You feel sick. The adder barely misses you. The hobgoblin hits you.
Okay, then.
Casting: Foxfire (safe; 6% risk of failure)
Confirm with . or Enter, or press ? or * to list all spells.
Flames lash the hobgoblin.
The hobgoblin is severely wounded.
The hobgoblin's fire resistance burns away.
You feel sick.
You are no longer poisoned.
The adder barely misses you. The hobgoblin barely misses you.
The adder bites you.
* * * LOW HITPOINT WARNING * * *
Casting: Scorch (safe; 6% risk of failure)
Confirm with . or Enter, or press ? or * to list all spells.
Flames lash the hobgoblin.
The hobgoblin is burned terribly!
You kill the hobgoblin!
The adder barely misses you. The hobgoblin closely misses you.
Unknown command.
Okay, then.
Magic courses through your body. The adder bites you.
* * * LOW HITPOINT WARNING * * *
The hobgoblin hits you.
* * * LOW HITPOINT WARNING * * *
Casting: Scorch (safe; 6% risk of failure)
Confirm with . or Enter, or press ? or * to list all spells.
Flames lash the hobgoblin.
You kill the hobgoblin!
The adder bites you.
* * * LOW HITPOINT WARNING * * *
You are lethally poisoned!
The adder poisons you! The adder barely misses you.
Unknown command.
It was a potion of mutation.
You feel extremely strange.
You feel clumsy.
You feel weirdly uncertain.
You feel agile.
You die...

#.....o.. ##.##
#........
##.#.##
#........
##g#.#.##
##........
##.#.#.#.#
.........
##g#.##S.#
####........
##.#.##[:#.#
.S...†..#
##.#.##.!#.## #
#####......#
##.#.##.#. ##
## ......#
##v#.##.#.. ##.
......#
#.#S##.#..#
##.# .....##
##@#v## #.
##.#. .....#
##.#.##.#
##.#.# .....#
##.#.## ##.#.##
.....# ##.#.##
##.#.###
##.#.###.#.##..
##.#.#.#.###..
##.#.#.## #..
##)#.## #..
##.## #.. ###
#.. #..


You could see an adder.

Vanquished Creatures
  An adder (D:2)
  3 worms (D:2)
  A dart slug (D:1)
  An orc (D:3)
  6 ball pythons
  10 endoplasms
  2 giant cockroaches
  7 hobgoblins
  3 jackals (D:1)
  A quokka (D:2)
  4 bats
  4 frilled lizards
  3 kobolds
  3 rats
49 creatures vanquished.

Vanquished Creatures (others)
  117 foxfires
117 creatures vanquished.

Grand Total: 166 creatures vanquished

Notes
Turn   | Place    | Note
-------+----------+-------------------------------------------
     0 | D:1      | om the Hill Orc Fire Elementalist began the quest for the
                  | Orb.
     0 | D:1      | Reached XP level 1. HP: 14/14 MP: 3/3
   501 | D:1      | Reached XP level 2. HP: 20/20 MP: 0/4
   542 | D:1      | Learned a level 2 spell: Scorch
   809 | D:1      | Found a faded altar of an unknown god.
  1344 | D:1      | Reached XP level 3. HP: 22/26 MP: 1/5
  1931 | D:2      | Reached skill level 4 in Fire Magic
  2985 | D:2      | Reached XP level 4. HP: 27/34 MP: 2/6
  3494 | D:3      | Reached skill level 1 in Short Blades
  3711 | D:3      | Found a sacrificial altar of Ru.
  3762 | D:3      | Found Jurrih's Book Shoppe.
  3873 | D:3      | HP: 1/34 [adder (3)]
  3874 | D:3      | Gained mutation: You are clumsy. (Dex -2) [potion of
                  | mutation]
  3874 | D:3      | Gained mutation: You are occasionally teleported next to
                  | monsters. [potion of mutation]
  3874 | D:3      | Lost mutation: You are clumsy. (Dex -2) [potion of
                  | mutation]
  3874 | D:3      | Succumbed to an adder's poison

Illustrated notes

Levels and vault maps discovered:
D:1:      spicycebolla_arrival_transporter_tutorial, layout_basic,
          dreamdust_ecumenical_altar_statues, minmay_strange_pillars,
          item_on_display_a
D:2:      layout_loops_ring, st_stairs_13, minmay_small_reverse_x
D:3:      minmay_inner_zag, layout_basic, nicolae_ru_path_of_blood,
          nicolae_overflow_squiral, serial_shops, shop

Skill      XL: |  1  2  3  4 |
---------------+-------------+-----
Fire Magic     | 4 |  4.0
Dodging        | 2 |  2.0
Spellcasting   | 2 |  2.0
Conjurations   | 2 |  2.0
Short Blades   | 1 |  1.1
Fighting       | |  0.6
Stealth        | |  1.8

Action                   |  1- 3 |  4- 6 || total
-------------------------+-------+-------++-------
Melee: Short sword       |    51 |    21 ||    72
 Cast: Foxfire           |    61 |    12 ||    73
       Scorch            |       |     3 ||     3
  Use: Scroll            |     4 |       ||     4
       Potion            |       |     2 ||     2
 Stab: Sleeping          |     2 |       ||     2
Armor: Robe              |    14 |     5 ||    19
Dodge: Dodged            |    39 |    30 ||    69

Table legend: (Time is in decaauts)
 A = Elapsed time spent in this place.
 B = Non-inter-level travel time spent in this place.
 C = Inter-level travel time spent in this place.
 D = Time resting spent in this place.
 E = Time spent auto-exploring this place.
 F = Levels seen in this place.
 G = Mean time per level.
                   A        B        C        D        E       F      G
               +--------+--------+--------+--------+--------+-----+--------+
         Total |   3879 |   3820 |     59 |   1648 |   1673 |   3 | 1293.0 |
       Dungeon |   3879 |   3820 |     59 |   1648 |   1673 |   3 | 1293.0 |
               +--------+--------+--------+--------+--------+-----+--------+

Top non-repeatable levels by time:
     D:2: 1651 daAuts
     D:1: 1535 daAuts
     D:3: 692 daAuts
